 Dungeon Crawl Stone Soup version 0.25.1-2-g60ff931df9 (webtiles) character file.

Game seed: 7008394691795483923

254 pokeman the Magician (level 5, -6/29 HPs)
             Began as a Deep Elf Wizard on Oct 23, 2020.
             Mangled by an iguana (7 damage)
             ... on level 4 of the Dungeon.
             The game lasted 00:07:03 (4505 turns).

pokeman the Magician (Deep Elf Wizard)              Turns: 4505, Time: 00:07:04

Health: -6/29      AC:  6    Str:  4    XL:     5   Next: 91%
Magic:  12/15      EV: 12    Int: 24    God:
Gold:   139        SH:  0    Dex: 13    Spells: 5/16 levels left

rFire    . . .     SeeInvis .   (no weapon)
rCold    . . .     Gourm    .   (no shield)
rNeg     . . .     Faith    .   q - +0 leather armour
rPois    .         Spirit   .   i - +1 helmet
rElec    .         Reflect  .   (no cloak)
rCorr    .         Harm     .   h - +0 pair of gloves
MR       .....                  (no boots)
Stlth    ++........             (no amulet)
HPRegen  0.09/turn              (no ring)
MPRegen  0.14/turn              (no ring)

@: lethally poisoned (-6 -> -28)
A: no striking features
a: no special abilities


You were on level 4 of the Dungeon.
You were hungry.

You visited 1 branch of the dungeon, and saw 4 of its levels.

You collected 139 gold pieces.

Inventory:

Armour
 h - a +0 pair of gloves (worn)
 i - a +1 helmet (worn)
 q - a +0 leather armour (worn)
Wands
 n - a wand of digging (1)
Scrolls
 a - a scroll of fear {unknown}
 b - a scroll of immolation {unknown}
 c - 3 scrolls of teleportation {unknown}
 e - 2 scrolls of amnesia {unknown}
 f - 2 scrolls of magic mapping {unknown}
 k - 2 scrolls of enchant weapon {unknown}
 l - a scroll of enchant armour {unknown}
 m - 2 scrolls of remove curse {unknown}
 r - a scroll of fog {unknown}
 s - a scroll of random uselessness {unknown}
Potions
 g - 2 potions of resistance {unknown}
 j - 2 potions of haste {unknown}
 o - 3 potions of degeneration {unknown}
Comestibles
 d - 6 rations


   Skills:
 - Level 1.0 Fighting
 - Level 1.0 Armour
 - Level 3.0 Dodging
 - Level 3.0 Stealth
 * Level 6.4 Spellcasting
 * Level 3.4 Conjurations
 - Level 1.1 Summonings
 - Level 1.1 Translocations
 + Level 0.7 Fire Magic
 + Level 0.3 Air Magic
 - Level 1.0 Poison Magic
 + Level 0.4 Evocations


You had 5 spell levels left.
You knew the following spells:

 Your Spells              Type           Power        Failure   Level  Hunger
a - Magic Dart            Conj           ###.         3%          1    None
b - Mephitic Cloud        Conj/Pois/Air  ###.....     21%         3    None
c - Call Imp              Summ           ##......     13%         2    None
d - Blink                 Tloc           N/A          13%         2    None
e - Conjure Flame         Conj/Fire      ###.....     17%         3    None

Your spell library contained the following spells:

 Spells                   Type           Power        Failure   Level  Hunger
 Slow                     Hex            #.......     21%         2    None


Dungeon Overview and Level Annotations

Branches:
Dungeon (4/15)
 Temple: D:4-7

Altars:
Gozag

Annotations:
D:4 Grinder


Message History

You feel sick. The worker ant bites you.
* * * LOW HITPOINT WARNING * * *
You are more poisoned.
The worker ant poisons you!
The orc hits the orc with a +0 flail.
The iguana bites you.
* * * LOW HITPOINT WARNING * * *
You can move again.
A hound comes into view.
* * * LOW HITPOINT WARNING * * *
You feel sick.
The howler monkey completely misses you.
The worker ant bites you.
* * * LOW HITPOINT WARNING * * *
You are more poisoned.
The worker ant poisons you!
The orc hits the orc priest but does no damage.
The worker ant bites you.
* * * LOW HITPOINT WARNING * * *
The iguana bites you!
You die...

.Z............
.h...........
.# ...<........
... ...o.......
♣?..#.oo...).%[
♣...o.o......#
♣..5lah....#
#@....# ##..###
###


You could see Grinder, a howler monkey (confused), an iguana, a hound
(wandering), a worker ant, an orc priest, an orc wizard (fast), 3 orcs and a
hound skeleton.

Vanquished Creatures
  Natasha (thrice) (D:2)
  4 gnolls (D:2)
  5 adders
  5 oozes
  3 worms (D:2)
  2 leopard geckos (D:2)
  5 orcs
  3 giant cockroaches
  2 goblins (D:2)
  8 hobgoblins
  8 jackals (D:1)
  A quokka (D:2)
  2 bats
  8 frilled lizards
  7 kobolds
  3 rats
69 creatures vanquished.

Notes
Turn   | Place    | Note
-------+----------+-------------------------------------------
     0 | D:1      | pokeman the Deep Elf Wizard began the quest for the Orb.
     0 | D:1      | Reached XP level 1. HP: 10/10 MP: 7/7
   263 | D:1      | Reached XP level 2. HP: 14/16 MP: 0/9
   688 | D:1      | Reached skill level 5 in Spellcasting
   738 | D:1      | Reached XP level 3. HP: 19/20 MP: 1/11
  1474 | D:2      | Reached skill level 1 in Armour
  1479 | D:2      | Learned a level 3 spell: Mephitic Cloud
  1482 | D:2      | Learned a level 2 spell: Call Imp
  1485 | D:2      | Learned a level 2 spell: Blink
  1489 | D:2      | Learned a level 3 spell: Conjure Flame
  1596 | D:2      | Reached skill level 1 in Fighting
  1693 | D:2      | Noticed Natasha
  1700 | D:2      | Killed Natasha
  1700 | D:2      | Reached XP level 4. HP: 25/25 MP: 2/13
  2267 | D:2      | Reached skill level 1 in Poison Magic
  2752 | D:2      | Reached XP level 5. HP: 22/29 MP: 2/15
  2842 | D:2      | Reached skill level 6 in Spellcasting
  2963 | D:2      | Found an opulent altar of Gozag.
  3127 | D:2      | Noticed Natasha
  3134 | D:2      | Killed Natasha
  3302 | D:2      | Noticed Natasha
  3308 | D:2      | Killed Natasha
  4498 | D:4      | Noticed Grinder
  4499 | D:4      | Paralysed by Grinder for 6 turns
  4505 | D:4      | HP: 1/29 [worker ant (3)]
  4505 | D:4      | Mangled by an iguana

Illustrated notes

Levels and vault maps discovered:
D:1:      dpeg_arrival_arbitrary_a, layout_basic
D:2:      layout_basic, first_ration, grunt_gozag_statues, uniq_natasha
D:3:      layout_basic
D:4:      layout_cave_pods, grunt_temple_overflow_diamond, okawaru_trees_2,
          uniq_grinder, uniq_ijyb

Skill      XL: |  1  2  3  4  5 |
---------------+----------------+-----
Spellcasting   | 5 6 |  6.4
Armour         | 1 |  1.0
Fighting       | 1 |  1.0
Conjurations   | 2 3 |  3.4
Poison Magic   | 1 |  1.0
Dodging        | 3 |  3.0
Stealth        | 3 |  3.0
Summonings     | |  1.1
Translocations | |  1.1
Fire Magic     | |  0.7
Air Magic      | |  0.3
Evocations     | |  0.4

Action                   |  1- 3 |  4- 6 || total
-------------------------+-------+-------++-------
Melee: Unarmed           |    15 |     6 ||    21
 Cast: Magic Dart        |    99 |   121 ||   220
       Mephitic Cloud    |     1 |     2 ||     3
       Conjure Flame     |       |     1 ||     1
 Stab: Confused          |       |     1 ||     1
  Eat: Chunk             |     2 |     8 ||    10
Armor: Robe              |    10 |     3 ||    13
       Leather armour    |       |     4 ||     4
Dodge: Dodged            |    32 |    13 ||    45
